 Dungeon Crawl Stone Soup version 0.31-a0-986-g5e6e4ef867 (webtiles) character file.

Game seed: 4178259959719724737

3504 Maxmaps the Basher (level 10, -2/63 HPs)
             Began as an Octopode Monk on Nov 7, 2023.
             Killed from afar by a manticore (10 damage)
             ... with a volley of spikes
             ... on level 9 of the Dungeon.
             The game lasted 00:09:44 (6553 turns).

Maxmaps the Basher (Octopode Monk)                  Turns: 6553, Time: 00:09:45

Health: -2/63      AC:  5    Str: 12    XL:     10   Next: 7%
Magic:  0/10       EV: 13    Int: 18    God:
Gold:   481        SH:  5    Dex: 17    Spells: 9/9 levels left

rFire   . . .        k - +8 whip of Luqabos {drain, rN+++ Will- Str-4 Dex+3}
rCold   . . .        o - +0 buckler
rNeg    + + +        (helmet restricted)
rPois   .            c - amulet of guardian spirit
rElec   .            s - +4 ring of protection
rCorr   .            m - +6 ring of strength
SInv    .            (no ring)
Will    .....        (no ring)
Stlth   ++++         (no ring)
HPRegen 0.30/turn    (no ring)
MPRegen 0.12/turn    (no ring)
                     (no ring)

%: guardian spirit
@: about to teleport, spiked, studying Invocations
A: almost no armour, amphibious, 8 rings, camouflage 1, gelatinous body 1,
(nimble swimmer 1), tentacles
a: no special abilities


You were on level 9 of the Dungeon.
You visited 1 branch of the dungeon, and saw 9 of its levels.

You collected 481 gold pieces.

Inventory:

Hand Weapons
 i - a +2 whip of flaming
 k - the +8 whip of Luqabos (weapon) {drain, rN+++ Will- Str-4 Dex+3}
   (You found it on level 2 of the Dungeon)

   Str-4:     It affects your strength (-4).
   Dex+3:     It affects your dexterity (+3).
   rN+++:     It renders you almost immune to negative energy.
   Will-:     It decreases your willpower.
Missiles
 x - a throwing net
Armour
 b - an orb of light
 o - a +0 buckler (worn)
Jewellery
 c - an amulet of guardian spirit (around mantle)
 m - a +6 ring of strength (right tentacle)
 s - a +4 ring of protection (left tentacle)
Talismans
 d - a dragon-blood talisman
 n - a blade talisman
Wands
 h - a wand of roots (12)
 l - a wand of light (20)
 v - a wand of flame (26)
 z - a wand of digging (3)
Scrolls
 a - 2 scrolls of blinking
 p - a scroll of fog
 r - 2 scrolls of poison
 t - a scroll of fear {unknown}
 u - a scroll of enchant weapon
 y - 2 scrolls of vulnerability
 A - a scroll of enchant armour
Potions
 e - 2 potions of mutation
 f - a potion of enlightenment
 g - a potion of attraction
 j - a potion of magic
 q - a potion of brilliance


   Skills:
 - Level 3.0 Fighting
 - Level 12.2 Maces & Flails
 - Level 3.0 Dodging
 - Level 6.5 Stealth
 + Level 4.6 Shields
 - Level 3.0 Unarmed Combat


You had 9 spell levels left.
You didn't know any spells.
Your spell library contained the following spells:

 Spells                   Type           Power      Damage    Failure   Level
 Apportation              Tloc           0%         N/A       30%         1
 Necrotise                Necr           0%         1d4       30%         1
 Summon Small Mammal      Summ           0%         N/A       30%         1
 Ensorcelled Hibernation  Hex/Ice        0%         N/A       41%         2
 Jinxbite                 Hex            0%         N/A       41%         2
 Anguish                  Hex/Necr       0%         N/A       96%         4


Dungeon Overview and Level Annotations

Branches:
Dungeon (10/15)
 Temple: D:4-7         Lair: D:8-11         Orc: D:9-12

Altars:
Ashenzari
Hepliaklqana
Okawaru
Qazlal
Uskayaw
Xom

Shops:
D:1 [?(!(   D:4 *

Annotations:
D:9 Prince Ribbit


Innate Abilities, Weirdness & Mutations

You cannot wear most types of armour.
You are amphibious.
You can wear up to eight rings at the same time.
Your skin changes colour to match your surroundings (Stealth+).
Your rubbery body absorbs attacks. (AC +1, EV +1)
((You are camouflaged when in or above water. (Stealth+)))
You have tentacles for arms and can constrict up to eight enemies at once.


Message History

A manticore comes into view.
The orc wizard hits you but does no damage.
You hit the orc wizard. You tentacle-slap the orc wizard.
The orc wizard is almost dead.
You constrict the orc wizard.
You kill the orc wizard!
You bump into the rock wall.
The manticore flicks its tail.
The volley of spikes hits you!
The barbed spikes become lodged in your body.
Things that are here:
a +0 dagger; a +0 robe; an orc corpse
Okay, then.
You are too confused!
Unknown command.
Okay, then.
The manticore flicks its tail.
The volley of spikes hits you!
The barbed spikes become lodged in your body.
You feel less confused.
Okay, then.
As you read the scroll of teleportation, it crumbles to dust.
You feel strangely unstable.
The manticore flicks its tail.
The volley of spikes hits you!
The barbed spikes become lodged in your body.
The manticore flicks its tail.
The volley of spikes hits you!
The barbed spikes become lodged in your body.
* * * LOW HITPOINT WARNING * * *
The manticore flicks its tail.
The volley of spikes hits you!
The barbed spikes become lodged in your body.
* * * LOW HITPOINT WARNING * * *
Prince Ribbit gives a loud, deep croak!
Sorry, you're not good enough to have a special ability.
The manticore flicks its tail.
The volley of spikes hits you!
The barbed spikes become lodged in your body.
You die...

#####..)..###
###.........##
##...........#
##...........##
#...#.....§...####
#[.)#.)...≈...#..#
'.#####...≈...)..#
#...#...).≈...#.)#
#...#.....≈...#)@#
##...........##..#
+#..........)#..H'
###.........##...##
###..)..###....#
####### ...F##
..##.# ... #.


You could see a manticore and Prince Ribbit.

Vanquished Creatures
  Sigmund (D:3)
  A wyvern (D:9)
  4 yaks (D:9)
  An ice beast (D:4)
  5 orc warriors
  A black bear (D:6)
  An ogre (D:7)
  4 centaurs
  A phantom (D:7)
  A bullfrog (D:9)
  A scorpion (D:5)
  3 gnoll sergeants
  4 killer bees (D:9)
  5 jellies
  3 orc priests
  A hound (D:7)
  Terence (D:2)
  3 iguanas
  7 orc wizards
  20 gnolls
  13 adders
  5 white imps
  2 worms (D:2)
  2 dart slugs
  25 orcs
  5 endoplasms
  4 giant cockroaches
  A goblin (D:3)
  10 hobgoblins
  11 jackals
  7 quokkas
  7 ball pythons
  8 bats
  6 frilled lizards
  10 kobolds
  6 rats
190 creatures vanquished.

Notes
Turn   | Place    | Note
-------+----------+-------------------------------------------
     0 | D:1      | Maxmaps the Octopode Monk began the quest for the Orb.
     0 | D:1      | Reached XP level 1. HP: 16/16 MP: 1/1
    57 | D:1      | Reached skill level 1 in Stealth
   116 | D:1      | Found Xukkipaf's Antique Weapon Shop.
   120 | D:1      | Found Vuomuaj's Magic Scroll Emporium.
   131 | D:1      | Found Jynused's Armour Shoppe.
   146 | D:1      | Found Paenaics's Distillery.
   159 | D:1      | Reached XP level 2. HP: 20/21 MP: 2/2
   286 | D:1      | Found Qaydanaimn's Antique Weapon Shop.
   299 | D:1      | Reached XP level 3. HP: 19/26 MP: 3/3
   727 | D:2      | Reached skill level 5 in Stealth
   730 | D:2      | Reached XP level 4. HP: 16/31 MP: 2/4
   876 | D:2      | Found a faded altar of an unknown god.
   893 | D:2      | Identified the scarf of the Tarantula {repulsion, -Cast rF+
                  | rC+}
   953 | D:2      | Noticed Terence
   965 | D:2      | Killed Terence
  1225 | D:2      | Identified the +8 whip of Luqabos {drain, rN+++ Will- Str-4
                  | Dex+3}
  1280 | D:3      | Reached XP level 5. HP: 36/36 MP: 5/5
  1393 | D:3      | Reached skill level 1 in Maces & Flails
  1531 | D:3      | Reached skill level 2 in Maces & Flails
  1826 | D:3      | Reached skill level 3 in Maces & Flails
  1857 | D:3      | Noticed Sigmund
  1870 | D:3      | Killed Sigmund
  1871 | D:3      | Reached skill level 4 in Maces & Flails
  1871 | D:3      | Reached XP level 6. HP: 19/42 MP: 1/6
  2436 | D:4      | Found Ea-nāṣir's Fine Metal Goods.
  2495 | D:4      | Found an iron altar of Okawaru.
  2724 | D:4      | Reached skill level 5 in Maces & Flails
  2724 | D:4      | Reached XP level 7. HP: 35/46 MP: 4/7
  3626 | D:5      | Entered Level 5 of the Dungeon
  3690 | D:5      | Reached skill level 6 in Maces & Flails
  3850 | D:5      | Found a shimmering altar of Xom.
  3887 | D:5      | Found a stormy altar of Qazlal.
  4046 | D:4      | Reached skill level 7 in Maces & Flails
  4198 | D:4      | Reached XP level 8. HP: 36/52 MP: 6/8
  4381 | D:5      | Found a broken altar of Ashenzari.
  4495 | D:5      | Found a hazy altar of Hepliaklqana.
  4674 | D:6      | Reached skill level 8 in Maces & Flails
  5334 | D:7      | Reached skill level 9 in Maces & Flails
  5446 | D:7      | Found a hide-covered altar of Uskayaw.
  5655 | D:7      | Reached skill level 10 in Maces & Flails
  5655 | D:7      | Reached XP level 9. HP: 56/56 MP: 9/9
  5785 | D:7      | You fall into a shaft and drop 3 floors!
  5785 | D:10     | Entered Level 10 of the Dungeon
  5925 | D:9      | Reached skill level 11 in Maces & Flails
  6075 | D:9      | Reached skill level 12 in Maces & Flails
  6323 | D:9      | Reached skill level 1 in Shields
  6416 | D:9      | Reached XP level 10. HP: 38/63 MP: 10/10
  6536 | D:9      | Noticed Prince Ribbit
  6543 | D:9      | Noticed a manticore
  6553 | D:9      | Killed from afar by a manticore

Illustrated notes

Levels and vault maps discovered:
D:1:      lightli_arrival_maybe_door_vault, layout_basic, serial_shops, shop,
          nicolae_shop_behind_doors,
          nicolae_shop_temple_entry_statues_fountains, shop,
          nicolae_shop_rolling_square
D:2:      layout_rooms, dreamdust_ecumenical_altar_grove, uniq_terence
D:3:      cheibrodos_helix_gallery, layout_loops_ring, minmay_vboxes,
          uniq_sigmund
D:4:      layout_layer_cave, okawaru_ov_weapons_minmay,
          nicolae_ea-nasir_strikes_again, kennysheep_dice
D:5:      layout_rooms, nzn_hepliaklqana_mist_gate,
          nicolae_qazlal_general_emergency, brannock_xom_greatest_gift,
          mainiacjoe_overflow_chevrons, kennysheep_generic_room_3
D:6:      layout_basic
D:7:      layout_basic, general_overflow_altar, minmay_temple_entry_crystal_x
D:9:      layout_basic, grunt_potential, uniq_grum, uniq_prince_ribbit1
D:10:     layout_layer_cave, erik_lair_dragon, serial_rivers,
          chequers_serial_rivers_small_a, chequers_serial_rivers_micro_d,
          chequers_serial_rivers_small_a, chequers_serial_rivers_small_a,
          grunt_ministairs_15

Skill      XL: |  1  2  3  4  5  6  7  8  9 |
---------------+----------------------------+-----
Stealth        | 2 3 5 6 |  6.5
Maces & Flails | 4 5 7 10 12 | 12.2
Shields        | 4 |  4.6
Fighting       | |  3.0
Dodging        | |  3.0
Unarmed Combat | |  3.0

Action                     |  1- 3 |  4- 6 |  7- 9 | 10-12 || total
---------------------------+-------+-------+-------+-------++-------
  Melee: Unarmed           |    86 |    48 |       |       ||   134
         Constrict         |    24 |    30 |    39 |     3 ||    96
         Tentacles         |    16 |    27 |    50 |     3 ||    96
         Punch             |     2 |     5 |     4 |     1 ||    12
         Whip              |       |    73 |   222 |    10 ||   305
    Use: Scroll            |     2 |     1 |    15 |     1 ||    19
         Potion            |     1 |     1 |     3 |       ||     5
   Stab: Sleeping          |     5 |     9 |    13 |       ||    27
         Distracted        |       |     1 |       |       ||     1
 Armour: Skin              |    41 |    60 |   121 |    10 ||   232
  Dodge: Dodged            |    66 |   102 |   125 |     4 ||   297
  Block: Buckler           |       |       |     3 |     1 ||     4

Table legend: (Time is in decaauts)
 A = Elapsed time spent in this place.
 B = Non-inter-level travel time spent in this place.
 C = Inter-level travel time spent in this place.
 D = Time resting spent in this place.
 E = Time spent auto-exploring this place.
 F = Levels seen in this place.
 G = Mean time per level.
                   A        B        C        D        E       F      G
               +--------+--------+--------+--------+--------+-----+--------+
         Total |   6467 |   6235 |    232 |    869 |   4177 |   9 |  718.6 |
       Dungeon |   6467 |   6235 |    232 |    869 |   4177 |   9 |  718.6 |
               +--------+--------+--------+--------+--------+-----+--------+

Top non-repeatable levels by time:
     D:4: 1505 daAuts
     D:3: 1002 daAuts
     D:2: 756 daAuts
     D:5: 704 daAuts
     D:1: 662 daAuts
     D:6: 632 daAuts
     D:9: 478 daAuts
     D:7: 468 daAuts
    D:10: 258 daAuts
